 Dungeon Crawl Stone Soup version 0.28.0 (webtiles) character file.

Game seed: 13531222102407205579

2782 asishallab the Blocker (level 9, -1/70 HPs)
             Began as a Pale Draconian Fighter on Feb 7, 2022.
             Was an Initiate of Sif Muna.
             Slain by Erica (4 damage)
             ... on level 8 of the Dungeon.
             The game lasted 00:18:40 (7571 turns).

asishallab the Blocker (Pale Draconian Fighter)     Turns: 7571, Time: 00:18:40

Health: -1/70      AC: 10    Str: 21    XL:     9   Next: 43%
Magic:  15/15      EV: 14    Int: 17    God:    Sif Muna [......]
Gold:   307        SH:  8    Dex: 16    Spells: 17/17 levels left

rFire   . . .      SeeInvis .   a - +1 war axe
rCold   . . .      Faith    .   b - +2 buckler
rNeg    . . .      Spirit   .   (armour unavailable)
rPois   .          Reflect  .   (helmet restricted)
rElec   .          Harm     .   L - +0 cloak
rCorr   .          Rampage  .   o - +0 pair of gloves
Will    .....                   m - +0 pair of boots
Stlth   +.........              (no amulet)
HPRegen 0.21/turn               D - +6 ring of intelligence
MPRegen 0.14/turn               t - +6 ring of dexterity

@: slowed, very slow
A: breathe steam, AC +7, unfitting armour, cold-blooded, steam resistance
a: Breathe Steam, Renounce Religion


You were on level 8 of the Dungeon.
You worshipped Sif Muna.
Sif Muna was noncommittal.
You visited 2 branches of the dungeon, and saw 9 of its levels.

You collected 307 gold pieces.

Inventory:

Hand Weapons
 a - a +1 war axe (weapon)
 w - a +0 mace
Missiles
 i - 6 javelins
 l - 10 boomerangs (quivered)
 q - 5 atropa-tipped darts
Armour
 b - a +2 buckler (worn)
 m - a +0 pair of boots (worn)
 o - a +0 pair of gloves (worn)
 L - a +0 cloak (worn)
Jewellery
 e - a ring of fire
 h - a ring of positive energy
 t - a +6 ring of dexterity (right hand)
 D - a +6 ring of intelligence (left hand)
 G - a ring of ice
 K - a ring of protection from fire
Wands
 n - a wand of digging (6)
 p - a wand of iceblast (13)
 y - a wand of acid (7)
 A - a wand of paralysis (11)
 F - a wand of mindburst (18)
Scrolls
 d - 3 scrolls of identify
 f - 2 scrolls of noise
 g - a scroll of acquirement {unknown}
 k - a scroll of immolation {unknown}
 r - a scroll of fog
 u - a scroll of amnesia {unknown}
 x - a scroll of vulnerability {unknown}
 C - a scroll of teleportation {unknown}
 E - a scroll of brand weapon {unknown}
 H - a scroll of blinking {unknown}
Potions
 c - a potion of might
 j - a potion of attraction
 s - a potion of curing
 v - a potion of degeneration
 z - a potion of haste
 B - a potion of cancellation
 I - a potion of mutation {unknown}
 J - a potion of magic {unknown}


   Skills:
 - Level 3.2 Fighting
 * Level 7.8 Axes
 + Level 5.5 Dodging
 * Level 8.1 Shields
 + Level 4.6 Spellcasting


You had 17 spell levels left.
You didn't know any spells.
Your spell library contained the following spells:

 Spells                   Type           Power      Damage    Failure   Level
 Beastly Appendage        Tmut           6%         N/A       19%         1
 Ensorcelled Hibernation  Hex/Ice        6%         N/A       28%         2
 Wereblood                Tmut           3%         N/A       28%         2
 Gell's Gravitas          Tloc           3%         N/A       50%         3
 Ozocubu's Armour         Ice            3%         N/A       50%         3
 Spider Form              Tmut/Pois      3%         N/A       50%         3
 Teleport Other           Tloc           3%         N/A       50%         3
 Tukima's Dance           Hex            3%         N/A       50%         3
 Anguish                  Hex/Necr       1%         N/A       88%         4
 Passage of Golubria      Tloc           3%         N/A       88%         4
 Summon Ice Beast         Ice/Summ       3%         N/A       88%         4
 Summon Mana Viper        Hex/Summ       3%         N/A       99%         5
 Yara's Violent Unravell  Hex/Tmut       1%         3d3       99%         5
 Dispersal                Tloc           1%         N/A       100%        6
 Monstrous Menagerie      Summ           1%         N/A       100%        7
 Ozocubu's Refrigeration  Ice            1%         4d5       100%        7


Dungeon Overview and Level Annotations

Branches:
Dungeon (8/15)             Temple (1/1) D:6
   Lair: D:8-11

Altars:
Cheibriados
Dithmenos
Elyvilon
Fedhas
Gozag
Hepliaklqana
Kikubaaqudgha
Makhleb
Nemelex Xobeh
Okawaru
Qazlal
Ru
Sif Muna
Trog
Uskayaw
Wu Jian
Yredelemnul
Zin

Annotations:
D:8 Erica


Innate Abilities, Weirdness & Mutations

You can breathe blasts of scalding, opaque steam.
Your pale cyan-grey scales are hard. (AC +7)
You cannot fit into any form of body armour.
You are cold-blooded and may be slowed by cold attacks.
You are immune to the effects of steam.


Message History

Joseph is severely wounded.
You hit Erica. You block Joseph's attack.
Erica mumbles some strange words.
Erica flickers and vanishes!
Deactivating autopickup; reactivate with Ctrl-A.
You slash Joseph!
Joseph is almost dead.
You barely miss something.
You have got your breath back.
Joseph hits you with a +0 quarterstaff. Something hits you.
Something burns you.
You slash Joseph!
You kill Joseph!
Sif Muna accepts your kill.
You slash something! You block something's attack.
Your Shields skill increases to level 8!
You block something's attack.
Items here: ( )) [.
You hear some strange, mumbled words.
Something tries to affect you, but you resist.
You hit something but do no damage.
You hear some strange, mumbled words.
You are confused.
You completely miss something.
You hear some strange, mumbled words.
You feel yourself slow down.
You barely miss something.
Your tail-slap misses something.
Something hits you!
* * * LOW HITPOINT WARNING * * *
Something burns you.
* * * LOW HITPOINT WARNING * * *
Something hits you.
* * * LOW HITPOINT WARNING * * *
Something burns you.
* * * LOW HITPOINT WARNING * * *
You are too confused!
You are too confused!
You feel better. Something hits you!
* * * LOW HITPOINT WARNING * * *
Something burns you.
You die...

...#..#
..............
.............
#...........
####.......... ## .
............. ....
#..##.......###.....
#.......#.<.......
#....@.)..........
#.......#.........
#....####...........
#... ............
... ............. ..
............## .
#####.........
#.#.......


There were no monsters in sight!

Vanquished Creatures
  A two-headed ogre (D:7)
  Joseph (D:8)
  A steam dragon (D:7)
  Menkaure (D:5)
  A water moccasin (D:6)
  An orc warrior (D:6)
  A necrophage (D:6)
  2 centaurs
  A kobold brigand (D:7)
  2 bullfrogs (D:7)
  A scorpion (D:5)
  A water moccasin zombie (D:5)
  3 killer bees (D:7)
  A centaur zombie (D:5)
  A bullfrog zombie (D:5)
  A jelly (D:6)
  A gnoll shaman (D:5)
  2 hounds
  Ijyb (D:5)
  3 centaur skeletons
  Natasha (thrice) (D:4)
  An iguana (D:6)
  4 orc wizards
  A killer bee zombie (D:6)
  A hound zombie (D:5)
  5 gnolls (D:5)
  5 adders
  A shadow imp (D:6)
  A white imp (D:7)
  7 worms
  14 orcs
  5 bats
  7 endoplasms
  2 giant cockroaches (D:1)
  7 goblins
  10 hobgoblins
  4 jackals (D:4)
  5 quokkas
  7 ball pythons
  3 frilled lizards
  9 kobolds
  4 rats
133 creatures vanquished.

Vanquished Creatures (others)
  6 plants (D:1)
  13 withered plants (D:1)
19 creatures vanquished.

Grand Total: 152 creatures vanquished

Notes
Turn   | Place    | Note
-------+----------+-------------------------------------------
     0 | D:1      | asishallab the Draconian Fighter began the quest for the
                  | Orb.
     0 | D:1      | Reached XP level 1. HP: 19/19 MP: 1/1
   103 | D:1      | Reached XP level 2. HP: 10/26 MP: 2/2
   769 | D:1      | Reached XP level 3. HP: 30/31 MP: 4/4
   903 | D:1      | Found a faded altar of an unknown god.
  1273 | D:2      | Reached skill level 1 in Spellcasting
  1448 | D:2      | Reached XP level 4. HP: 38/38 MP: 5/5
  2534 | D:4      | Reached skill level 4 in Shields
  2538 | D:4      | Reached XP level 5. HP: 28/45 MP: 5/7
  2797 | D:4      | Noticed Natasha
  2806 | D:4      | Killed Natasha
  2966 | D:4      | Noticed Natasha
  2974 | D:4      | Killed Natasha
  3086 | D:4      | Noticed Natasha
  3094 | D:4      | Killed Natasha
  3176 | D:4      | Reached XP level 6. HP: 48/51 MP: 8/8
  3370 | D:5      | Entered Level 5 of the Dungeon
  3419 | D:5      | Noticed Menkaure
  3428 | D:5      | Killed Menkaure
  3701 | D:5      | Reached skill level 5 in Shields
  3888 | D:5      | Your scales start taking on a pale cyan-grey colour.
  3888 | D:5      | Reached XP level 7. HP: 42/57 MP: 10/10
  3888 | D:5      | Gained mutation: You are immune to the effects of steam.
                  | [Pale Draconian growth]
  4109 | D:5      | Reached skill level 5 in Axes
  4357 | D:5      | Noticed Ijyb
  4360 | D:5      | Paralysed by Ijyb for 4 turns
  4361 | D:5      | Killed Ijyb
  4788 | D:6      | Found a staircase to the Ecumenical Temple.
  4796 | Temple   | Entered the Ecumenical Temple
  5098 | D:6      | Reached skill level 6 in Shields
  5291 | D:6      | Reached XP level 8. HP: 46/63 MP: 12/12
  5939 | D:6      | Found a snail-covered altar of Cheibriados.
  6031 | D:6      | Found a shimmering blue altar of Sif Muna.
  6031 | D:6      | Found an opulent altar of Gozag.
  6039 | D:6      | Became a worshipper of Sif Muna the Loreminder
  6042 | D:6      | Found an ornate altar of the Wu Jian Council.
  6046 | D:6      | Found a burning altar of Makhleb.
  6313 | D:7      | Noticed a two-headed ogre
  6321 | D:7      | Killed a two-headed ogre
  6322 | D:7      | Reached skill level 5 in Dodging
  6322 | D:7      | Reached skill level 7 in Shields
  6322 | D:7      | Reached XP level 9. HP: 8/70 MP: 13/15
  7556 | D:8      | Noticed Joseph
  7559 | D:8      | Noticed Erica
  7564 | D:8      | Killed Joseph
  7565 | D:8      | Reached skill level 8 in Shields
  7571 | D:8      | HP: 3/70 [something (9)]
  7571 | D:8      | Slain by Erica

Illustrated notes

Levels and vault maps discovered:
D:1:      saegor_arrival_simple_a, layout_loops_ring,
          shapermc_ecumenical_altar_flowoftime
D:2:      minmay_spotlight, layout_loops_ring, hangedman_decor_diamond_cutter
D:3:      layout_rooms
D:4:      layout_rooms, nicolae_wormholes, uniq_natasha
D:5:      layout_basic, uniq_menkaure, uniq_ijyb
D:6:      layout_basic, minmay_overflow_temple_star_hex,
          minmay_temple_entry_glass, minmay_misc_feat_alley
D:7:      layout_gridville
D:8:      layout_rooms, kennysheep_mini_moat, nicolae_ossuary_entry_catacombs,
          guppyfry_early_elven_hall, uniq_joseph, uniq_erica, uniq_gastronok
Temple:   nicolae_temple_god_jail

Skill      XL: |  1  2  3  4  5  6  7  8  9 |
---------------+----------------------------+-----
Dodging        | 3 4 5 |  5.5
Spellcasting   | 1 2 3 4 |  4.6
Axes           | 3 4 5 7 |  7.8
Shields        | 4 5 6 7 8 |  8.1
Fighting       | |  3.2

Action                   |  1- 3 |  4- 6 |  7- 9 || total
-------------------------+-------+-------+-------++-------
Melee: War axe           |    98 |   184 |   180 ||   462
       Tailslap          |    16 |    21 |    19 ||    56
Throw: Boomerang         |       |    19 |     6 ||    25
 Abil: Breathe Steam     |       |       |     7 ||     7
Evoke: Wand              |       |       |     1 ||     1
  Use: Scroll            |     1 |     7 |     5 ||    13
       Potion            |       |       |     1 ||     1
 Stab: Sleeping          |     1 |     1 |       ||     2
Armor: Skin              |    29 |    61 |    62 ||   152
Dodge: Dodged            |    57 |   117 |    98 ||   272
Block: Buckler           |    16 |    47 |    70 ||   133
